 Dungeon Crawl Stone Soup version 0.29.1-1-gd02db6906a (webtiles) character file.

Game seed: 9860972545535366030

37 Alliumium the Trooper (level 3, -2/36 HPs)
             Began as a Minotaur Fighter on Sept 16, 2022.
             Slain by a gnoll
             ... wielding a +0 halberd
              (9 damage)
             ... on level 2 of the Dungeon.
             The game lasted 00:02:50 (1248 turns).

Alliumium the Trooper (Minotaur Fighter)            Turns: 1248, Time: 00:02:50

Health: -2/36      AC: 12    Str: 22    XL:     3   Next: 21%
Magic:  2/2        EV:  4    Int:  5    God:
Gold:   114        SH:  4    Dex:  9    Spells: 2/2 levels left

rFire   . . .      SeeInvis .   a - +0 flail
rCold   . . .      Faith    .   c - +0 buckler
rNeg    . . .      Spirit   .   b - +3 chain mail
rPois   .          Reflect  .   (helmet restricted)
rElec   .          Harm     .   (no cloak)
rCorr   .          Rampage  .   (no gloves)
Will    .....                   (no boots)
Stlth   ..........              (no amulet)
HPRegen 0.12/turn               g - ring of flight
MPRegen 0.08/turn               (no ring)

@: flying, constricted
A: horns 2, retaliatory headbutt
a: no special abilities


You were on level 2 of the Dungeon.
You visited 1 branch of the dungeon, and saw 2 of its levels.

You collected 114 gold pieces.

Inventory:

Hand Weapons
 a - a +0 flail (weapon)
Armour
 b - a +3 chain mail (worn)
 c - a +0 buckler (worn)
Jewellery
 g - a ring of flight (left hand)
Scrolls
 i - 2 scrolls of identify {unknown}
 j - 2 scrolls of poison {unknown}
 k - a scroll of fear {unknown}
 n - a scroll of enchant weapon {unknown}
Potions
 d - 2 potions of might
 e - 2 potions of curing {unknown}
 f - a potion of heal wounds {unknown}
 h - 3 potions of degeneration {unknown}
 l - 2 potions of flight {unknown}
 m - 2 potions of haste {unknown}
 o - 2 potions of magic {unknown}
 p - a potion of berserk rage {unknown}


   Skills:
 - Level 5.0 Fighting
 + Level 3.0 Maces & Flails
 - Level 3.6 Armour
 - Level 3.6 Shields


You had 2 spell levels left.
You didn't know any spells.
Your spell library was empty.

Dungeon Overview and Level Annotations

Branches:
Dungeon (2/15)

Altars:

Shops:
D:1 :


Innate Abilities, Weirdness & Mutations

You have a pair of horns on your head.
You reflexively headbutt those who attack you in melee.


Message History

The slug dart hits you but does no damage.
You sock the dart slug!
You kill the dart slug!
Your Maces & Flails skill increases to level 3!
Found a robe.
You now have 114 gold pieces (gained 11).
A giant cockroach, 4 gnolls and a hobgoblin come into view.
The gnoll shouts! x3; The hobgoblin shouts!
The gnoll moves out of view.
You hear a splashing noise.
You hear a splashing noise.
A ball python comes into view.
The ball python hisses angrily.
You barely miss the gnoll. The gnoll hits you but does no damage.
The gnoll hits you with a +0 halberd!
You hit the gnoll.
The gnoll is lightly wounded.
The ball python bites you but does no damage.
The ball python barely misses you.
The ball python bites you but does no damage.
The ball python grabs you. The ball python constricts you.
You barely miss the ball python. The gnoll barely misses you.
You block the ball python's attack. The ball python constricts you.
You closely miss the ball python. You block the ball python's attack.
The ball python constricts you. The gnoll hits you but does no damage.
The ball python bites you but does no damage.
The ball python constricts you. The gnoll hits you with a +0 halberd!
You closely miss the ball python.
The ball python bites you but does no damage.
The ball python constricts you. The gnoll hits you with a +0 halberd.
You barely miss the ball python. You headbutt the ball python.
The ball python is severely wounded.
The ball python bites you but does no damage.
The ball python constricts you. The gnoll hits you with a +0 halberd!
* * * LOW HITPOINT WARNING * * *
The ball python barely misses you. The ball python constricts you.
You closely miss the ball python.
The ball python is severely wounded.
The gnoll hits you with a +0 halberd!
You die...

#.# #......# ..#.#
#.###### #.#.# #.#
# #.#.######.# #
##.#........# #
<.......######## #
~~P.~~####.#.## #
~~~.~~B #.S..# #
~~~.~~~ ##@..# #
~~~g~P~ #g#..# #
~P~.P~P ##.#.# #
~~~.P~~♣###g#.# #
♣gg~gP♣....#[#
##### ♣.###.#.####
##...# ♣.#
#.#.##P######.###.
g.#
#....♣~♣......# #.
≈P~#
#.P~♣~~~♣####<###.


You could see a gnoll and a ball python.

Vanquished Creatures
  2 worms
  A dart slug (D:2)
  3 ball pythons (D:1)
  2 bats
  3 endoplasms (D:1)
  2 goblins
  A hobgoblin (D:2)
  2 quokkas (D:1)
  A frilled lizard (D:1)
  4 kobolds (D:1)
  6 rats
27 creatures vanquished.

Vanquished Creatures (others)
  4 plants (D:2)
4 creatures vanquished.

Grand Total: 31 creatures vanquished

Notes
Turn   | Place    | Note
-------+----------+-------------------------------------------
     0 | D:1      | Alliumium the Minotaur Fighter began the quest for the Orb.
     0 | D:1      | Reached XP level 1. HP: 19/19 MP: 0/0
    18 | D:1      | Found Doanyn's Book Shop.
   161 | D:1      | Reached skill level 4 in Fighting
   247 | D:1      | Found a faded altar of an unknown god.
   329 | D:1      | Reached XP level 2. HP: 28/28 MP: 1/1
   924 | D:1      | Reached skill level 5 in Fighting
  1058 | D:2      | Reached XP level 3. HP: 36/36 MP: 2/2
  1248 | D:2      | Slain by a gnoll

Illustrated notes

Levels and vault maps discovered:
D:1:      dpeg_arrival_shrine, layout_loops_corners, serial_shops,
          nicolae_shop_stone, shapermc_ecumenical_altar_mp_highgroup,
          nicolae_wormholes
D:2:      layout_loops_ring, serial_shops, shop, serial_bayou_lagoon_b

Skill      XL: |  1  2  3 |
---------------+----------+-----
Fighting       | 4 5 |  5.0
Maces & Flails | 3 |  3.0
Armour         | |  3.6
Shields        | |  3.6

Action                   || total
-------------------------++-------
Melee: Flail             ||    61
       Headbutt          ||     6
Armor: Scale mail        ||    15
       Chain mail        ||    18
Dodge: Dodged            ||    24
Block: Buckler           ||    10
